[Event "Titled Tuesday Blitz October 26 2021"]
[White "Fawzy, Adham"]
[Black "Sadhwani, Raunak"]
[WhiteFideId "10613129"]
[BlackFideId "35093487"]
[WhiteElo "2504"]
[BlackElo "2517"]
[Result "1/2-1/2"]
[Round "04"]
[TimeControl "180+1"]
[Date "2021.10.26"]
[WhiteClock "0:00:07"]
[BlackClock "0:00:03"]

1. e4 c6 2. d4 d5 3. exd5 cxd5 4. c4 Nf6 5. Nc3 Nc6 6. Bg5 Be6 7. a3 g6 8. Bxf6 exf6 9. cxd5 Bxd5 10. Qe2+ Be7 11. Qb5 Be6 12. d5 a6 13. Qe2 Nd4 14. Qe4 Qb6 15. Rd1 Bf5 16. Qxd4 Bc5 17. Qd2 O-O 18. Bd3 Bxd3 19. Qxd3 Bxf2+ 20. Kf1 Bxg1 21. Rxg1 Qxb2 22. Rd2 Qxa3 23. Kf2 Rfe8 24. Qd4 Qd6 25. g3 f5 26. Re2 Red8 27. Rd1 b5 28. h4 Rac8 29. Nb1 Rc4 30. Qe5 Qxe5 31. Rxe5 Kf8 32. d6 Rc6 33. Red5 b4 34. R1d4 Rb6 35. d7 Rb7 36. Ke3 Ke7 37. Ra5 Rbxd7 38. Rxd7+ Rxd7 39. Rxa6 Rd1 40. Nd2 Rg1 41. Kf2 Rd1 42. Nc4 Rd4 43. Ne5 Rd6 44. Ra7+ Ke6 45. Nc4 Rc6 46. Na5 Rb6 47. Nb3 Kd5 48. Rc7 Rc6 49. Rd7+ Rd6 50. Rxf7 Kc4 51. Na5+ Kb5 52. Nb3 Rd3 53. Nc1 Rc3 54. Ne2 Rc4 55. Ke3 b3 56. Rb7+ Ka4 57. Nd4 Rc3+ 58. Kf4 Rd3 59. Ke5 Ka3 60. Rxh7 b2 61. Rb7 Rxg3 62. Ra7+ Kb4 63. Rb7+ Ka3 64. Ra7+ Kb4 65. Rb7+ Kc4 66. Rxb2 Re3+ 67. Kf6 Kxd4 68. Kxg6 f4 69. h5 f3 70. h6 Re6+ 71. Kg7 Rxh6 72. Kxh6 Ke3 73. Rb3+ Ke2 74. Rxf3 Kxf3 1/2-1/2


[Site "https://www.chess.com"]

[Event "Titled Tuesday Blitz October 26 2021"]
[White "Ghazarian, Kirk"]
[Black "Obregon, Andres Carlos"]
[WhiteFideId "30908604"]
[BlackFideId "111724"]
[WhiteElo "2003"]
[BlackElo "2572"]
[Result "0-1"]
[Round "04"]
[TimeControl "180+1"]
[Date "2021.10.26"]
[WhiteClock "0:00:01"]
[BlackClock "0:00:22"]

1. d4 d5 2. Bf4 c5 3. e3 Nc6 4. c3 Qb6 5. Qb3 c4 6. Qc2 Bf5 7. Qc1 e6 8. Nd2 h6 9. Be2 Nf6 10. Ngf3 Be7 11. Bd1 Nh5 12. Bc2 Bxc2 13. Qxc2 f5 14. Be5 O-O 15. O-O Qd8 16. b3 b5 17. a4 a6 18. bxc4 bxc4 19. Rfb1 Qd7 20. Qd1 Nf6 21. Bg3 Bd6 22. Ne5 Bxe5 23. Bxe5 Nxe5 24. dxe5 Ng4 25. Nf3 h5 26. Rb6 f4 27. e4 Qc7 28. Rxe6 dxe4 29. Nd4 f3 30. gxf3 exf3 31. Qd2 Nxe5 32. Qg5 Ng4 33. Qxh5 Nf6 34. Qg6 Rf7 35. Rae1 Qf4 36. Nf5 Raf8 37. Ne7+ Kh8 38. Qg3 Qxg3+ 39. hxg3 Kh7 40. R1e5 Rd8 0-1


[Site "https://www.chess.com"]

[Event "Titled Tuesday Blitz October 26 2021"]
[White "Gokerkan, Cem Kaan"]
[Black "Nakamura, Hikaru"]
[WhiteFideId "6336760"]
[BlackFideId "2016192"]
[WhiteElo "2382"]
[BlackElo "2884"]
[Result "0-1"]
[Round "04"]
[TimeControl "180+1"]
[Date "2021.10.26"]
[WhiteClock "0:00:18"]
[BlackClock "0:00:44"]

1. e4 g6 2. d4 Bg7 3. Nc3 a6 4. Be3 b5 5. Qd2 Bb7 6. h4 h5 7. f3 d6 8. Nh3 Nd7 9. Ng5 Nb6 10. O-O-O e6 11. f4 Nf6 12. f5 Qe7 13. e5 gxf5 14. exf6 Bxf6 15. Nf3 Bg7 16. Bd3 O-O-O 17. Rhe1 Qd7 18. Kb1 Kb8 19. Bg5 Rde8 20. Bf4 f6 21. Bh2 e5 22. dxe5 fxe5 23. Bf1 Re7 24. Qf2 Qc8 25. Nd2 e4 26. Nb3 Bxc3 27. bxc3 Na4 28. Re3 Rf8 29. Bf4 Qe6 30. g3 Ka8 31. Qd2 Qc8 32. Qd4 Re6 33. Qb4 c5 34. Qa5 Qc6 35. c4 b4 36. Rde1 Nb6 37. R3e2 Nxc4 0-1


[Site "https://www.chess.com"]

[Event "Titled Tuesday Blitz October 26 2021"]
[White "Grischuk, Alexander"]
[Black "Bartel, Michal"]
[WhiteFideId "4126025"]
[BlackFideId "1119257"]
[WhiteElo "2757"]
[BlackElo "2211"]
[Result "1-0"]
[Round "04"]
[TimeControl "180+1"]
[Date "2021.10.26"]
[WhiteClock "0:01:00"]
[BlackClock "0:01:09"]

1. e4 e5 2. Nf3 Nc6 3. Bc4 Nf6 4. d3 h6 5. O-O d6 6. a4 g6 7. a5 a6 8. c3 Bg7 9. Re1 O-O 10. Nbd2 d5 11. exd5 Nxd5 12. Ne4 Nde7 13. Be3 Kh7 14. Bc5 f6 15. d4 exd4 16. Nxd4 Ne5 17. f4 Nxc4 18. Bxe7 Qe8 19. Bxf8 Qxf8 20. Qb3 Nd6 21. Nxd6 Qxd6 22. Qf7 Bf5 23. Nxf5 gxf5 24. Re7 Rg8 25. Rf1 Qc5+ 26. Kh1 Qxa5 27. h3 Qb5 28. Rf3 Qxb2 29. Rg3 Qc1+ 30. Kh2 Qxf4 31. Qg6+ Kh8 32. Rxg7 Rxg7 33. Qxg7# 1-0


[Site "https://www.chess.com"]

[Event "Titled Tuesday Blitz October 26 2021"]
[White "Gubanov, Oleg"]
[Black "Srihari L R"]
[WhiteFideId "14115115"]
[BlackFideId "46617116"]
[WhiteElo "2128"]
[BlackElo "2121"]
[Result "0-1"]
[Round "04"]
[TimeControl "180+1"]
[Date "2021.10.26"]
[WhiteClock "0:00:17"]
[BlackClock "0:01:32"]

1. e4 c5 2. Nf3 Nf6 3. e5 Nd5 4. c3 Nc6 5. Bc4 Nb6 6. Bb3 d5 7. d4 cxd4 8. cxd4 Bf5 9. Nc3 e6 10. Bg5 Be7 11. Bxe7 Qxe7 12. O-O a6 13. Na4 Nxa4 14. Bxa4 b5 15. Rc1 Nb4 16. Bb3 O-O 17. Qd2 Rfc8 18. a3 Nc6 19. Bc2 Be4 20. Bxe4 dxe4 21. Ng5 Nxd4 22. Nxh7 Rxc1 23. Rxc1 Nb3 24. Qe3 Nxc1 0-1


[Site "https://www.chess.com"]

[Event "Titled Tuesday Blitz October 26 2021"]
[White "Haitin, Ilja"]
[Black "Le, Tuan Minh"]
[WhiteFideId "4501764"]
[BlackFideId "12401153"]
[WhiteElo "2206"]
[BlackElo "2450"]
[Result "0-1"]
[Round "04"]
[TimeControl "180+1"]
[Date "2021.10.26"]
[WhiteClock "0:00:13"]
[BlackClock "0:02:10"]

1. e4 c5 2. c3 Nf6 3. e5 Nd5 4. Nf3 Nc6 5. Bc4 Nb6 6. Be2 d5 7. exd6 Qxd6 8. Na3 a6 9. O-O g6 10. d4 cxd4 11. Nxd4 Nxd4 12. cxd4 Bg7 13. Be3 O-O 14. Bf3 Rd8 15. Qb3 Be6 16. d5 Nxd5 17. Rad1 Nxe3 18. Rxd6 Bxb3 19. Rxd8+ Rxd8 20. fxe3 Bxa2 21. Bxb7 Bxb2 22. Nc2 a5 23. h4 Bb3 24. Rf2 a4 25. Nb4 a3 26. e4 Bd4 0-1


[Site "https://www.chess.com"]

[Event "Titled Tuesday Blitz October 26 2021"]
[White "Kamsky, Gata"]
[Black "Weetik, Vjacheslav"]
[WhiteFideId "2000024"]
[BlackFideId "4153472"]
[WhiteElo "2603"]
[BlackElo "2469"]
[Result "1/2-1/2"]
[Round "04"]
[TimeControl "180+1"]
[Date "2021.10.26"]
[WhiteClock "0:00:28"]
[BlackClock "0:00:10"]

1. g3 e5 2. Bg2 d5 3. d3 Nf6 4. b3 Bd6 5. Bb2 O-O 6. e3 Re8 7. Nd2 c6 8. Ne2 a5 9. a3 h6 10. h3 Bf5 11. e4 Bh7 12. O-O Nbd7 13. Re1 Nc5 14. Nc3 d4 15. Ne2 Ne6 16. Rf1 Qb8 17. Nf3 b5 18. Nh4 a4 19. Nf5 Bf8 20. f4 c5 21. fxe5 Nd7 22. Nd6 Re7 23. bxa4 bxa4 24. Nc4 Nxe5 25. Nxe5 Qxe5 26. Nf4 Rb8 27. Bc1 c4 28. Nd5 Rd7 29. Qg4 Kh8 30. Bf4 Nxf4 31. Qxd7 Ne2+ 32. Kh2 Nxg3 33. Kg1 cxd3 34. cxd3 Ne2+ 35. Kh1 Ng3+ 36. Kg1 Ne2+ 37. Kh1 Ng3+ 38. Kg1 1/2-1/2


[Site "https://www.chess.com"]

[Event "Titled Tuesday Blitz October 26 2021"]
[White "Lazavik, Denis"]
[Black "Budrewicz, Krzysztof"]
[WhiteFideId "13515110"]
[BlackFideId "1127950"]
[WhiteElo "2436"]
[BlackElo "2242"]
[Result "1-0"]
[Round "04"]
[TimeControl "180+1"]
[Date "2021.10.26"]
[WhiteClock "0:00:05"]
[BlackClock "0:00:04"]

1. d4 Nf6 2. c4 g6 3. g3 Bg7 4. Bg2 O-O 5. Nc3 d6 6. Nf3 Nc6 7. O-O e5 8. dxe5 Nxe5 9. Nxe5 dxe5 10. Qxd8 Rxd8 11. Bg5 Rd6 12. Bxf6 Bxf6 13. Ne4 Ra6 14. Nxf6+ Rxf6 15. Rfd1 Bg4 16. Rd2 c6 17. b4 Kf8 18. b5 cxb5 19. cxb5 Rb6 20. a4 Be6 21. a5 Rxb5 22. a6 Rb8 23. axb7 Ke7 24. Rc1 a5 25. Rc7+ Kf6 26. Bc6 Rb1+ 27. Kg2 a4 28. Rd6 a3 29. Bd5 Rb2 30. Bxe6 fxe6 31. Rdd7 a2 32. Rf7+ Kg5 33. h4+ Kh5 34. Rxh7+ Kg4 35. f3+ Kf5 36. Rcf7# 1-0


[Site "https://www.chess.com"]

[Event "Titled Tuesday Blitz October 26 2021"]
[White "Madaminov, Mukhiddin"]
[Black "Gupta, Abhijeet"]
[WhiteFideId "14210703"]
[BlackFideId "5010608"]
[WhiteElo "1855"]
[BlackElo "2549"]
[Result "0-1"]
[Round "04"]
[TimeControl "180+1"]
[Date "2021.10.26"]
[WhiteClock "0:00:02"]
[BlackClock "0:00:22"]

1. e4 c5 2. Nf3 d6 3. Bb5+ Nd7 4. O-O a6 5. Bd3 Ngf6 6. Re1 Ne5 7. Be2 Nxf3+ 8. Bxf3 e5 9. c3 Be7 10. d4 O-O 11. Nd2 Re8 12. a4 Qc7 13. a5 Be6 14. d5 Bd7 15. Nc4 h6 16. Nb6 Rad8 17. b4 c4 18. Be3 Bb5 19. h3 Nh7 20. Qd2 Bg5 21. g3 Rf8 22. h4 Bxe3 23. Qxe3 f5 24. exf5 Rxf5 25. Be4 Rff8 26. Bg6 Rf6 27. Qe4 Nf8 28. Bh5 Nd7 29. Nxd7 Bxd7 30. f4 exf4 31. Qe7 Qc8 32. Re6 Rdf8 33. Rxf6 Rxf6 34. Rf1 Bg4 35. Be8 f3 36. Kf2 Qf5 37. Kg1 f2+ 38. Kh2 Be2 39. Bd7 Qe5 40. Be6+ Kh7 41. Qe8 Rxe6 42. Qxe6 Bxf1 43. Qf7 Bd3 44. Qxf2 Qe2 45. Kg1 Qxf2+ 46. Kxf2 Be4 47. Ke3 Bxd5 48. Kd4 Be6 49. Ke4 Kg6 50. Kf4 Kf6 51. g4 g5+ 52. hxg5+ hxg5+ 53. Ke4 Bxg4 54. Kd5 Bd7 55. Kxd6 Bc6 56. Kc7 g4 57. b5 Bxb5 58. Kb6 g3 59. Kc5 g2 60. Kd5 Bc6+ 61. Kd6 g1=Q 62. Kc7 Qg7+ 63. Kb6 Qf8 64. Kc7 Qe7+ 65. Kb6 Qd8+ 66. Kc5 Qxa5+ 67. Kd6 Qxc3 68. Kc5 Be8 69. Kd5 b5 70. Kc5 b4 71. Kb6 b3 72. Kc5 b2 73. Kd6 Qe5# 0-1


[Site "https://www.chess.com"]

[Event "Titled Tuesday Blitz October 26 2021"]
[White "Mamedyarov, Shakhriyar"]
[Black "Kobalia, Mikhail"]
[WhiteFideId "13401319"]
[BlackFideId "4119150"]
[WhiteElo "2754"]
[BlackElo "2590"]
[Result "1-0"]
[Round "04"]
[TimeControl "180+1"]
[Date "2021.10.26"]
[WhiteClock "0:01:14"]
[BlackClock "0:01:13"]

1. e4 c6 2. d4 d5 3. e5 Bf5 4. g4 Bd7 5. c4 e6 6. Nc3 dxc4 7. Bxc4 Ne7 8. Nge2 Nd5 9. Ng3 Na6 10. O-O Nac7 11. Nce4 Be7 12. f4 f5 13. gxf5 exf5 14. Nd6+ Bxd6 15. exd6 O-O 16. dxc7 Qxc7 17. Re1 Kh8 18. Re5 Qd6 19. Bxd5 cxd5 20. Qb3 Rac8 21. Qxd5 Qc7 22. Re7 Qc2 23. Rxd7 Qd1+ 24. Nf1 Rc2 25. Qxf5 Rfc8 26. Bd2 1-0


[Site "https://www.chess.com"]

[Event "Titled Tuesday Blitz October 26 2021"]
[White "Martinez Alcantara, Jose Eduardo"]
[Black "Grigorjev, Iljya"]
[WhiteFideId "3805662"]
[BlackFideId "24159565"]
[WhiteElo "2690"]
[BlackElo "2124"]
[Result "1-0"]
[Round "04"]
[TimeControl "180+1"]
[Date "2021.10.26"]
[WhiteClock "0:01:32"]
[BlackClock "0:00:19"]

1. e4 e5 2. Nf3 Nc6 3. Bb5 a6 4. Ba4 Nf6 5. d3 b5 6. Bb3 Bc5 7. a4 Rb8 8. axb5 axb5 9. O-O d6 10. h3 h6 11. c3 O-O 12. Bc2 b4 13. d4 Bb6 14. Be3 bxc3 15. bxc3 Re8 16. Nbd2 d5 17. Ba4 dxe4 18. Bxc6 exf3 19. Nxf3 exd4 20. Bxe8 Qxe8 21. Bxd4 Bb7 22. Bxb6 cxb6 23. Re1 Qc6 24. Qd4 Rc8 25. Ra7 Nh7 26. Re7 1-0


[Site "https://www.chess.com"]

[Event "Titled Tuesday Blitz October 26 2021"]
[White "Mirzoev, Azer"]
[Black "Abarca Gonzalez, Nicolas"]
[WhiteFideId "13400304"]
[BlackFideId "3409422"]
[WhiteElo "2525"]
[BlackElo "2504"]
[Result "0-1"]
[Round "04"]
[TimeControl "180+1"]
[Date "2021.10.26"]
[WhiteClock "0:01:20"]
[BlackClock "0:01:22"]

1. d4 Nf6 2. Nf3 g6 3. Bf4 d6 4. e3 Bg7 5. h3 O-O 6. Bh2 b6 7. Be2 Bb7 8. O-O Nbd7 9. a4 a6 10. Nbd2 Qe8 11. c3 e5 12. Nc4 Ne4 13. Qb3 Qe7 14. Rfd1 Kh8 15. Na5 Ndc5 16. dxc5 Nxc5 17. Qb4 bxa5 18. Qxa5 Nb3 19. Qb4 Bxf3 20. Bxf3 Rab8 21. Qa3 Nxa1 22. Rxa1 Qe6 23. b4 Qc4 24. Rd1 e4 0-1


[Site "https://www.chess.com"]

[Event "Titled Tuesday Blitz October 26 2021"]
[White "Oganisian, Roman"]
[Black "Urazayev, Arystanbek"]
[WhiteFideId "4153006"]
[BlackFideId "13709810"]
[WhiteElo "2204"]
[BlackElo "2321"]
[Result "0-1"]
[Round "04"]
[TimeControl "180+1"]
[Date "2021.10.26"]
[WhiteClock "0:00:29"]
[BlackClock "0:02:08"]

1. e4 c5 2. Nc3 e6 3. d3 d5 4. f4 Nf6 5. e5 Nfd7 6. Nf3 Nc6 7. g4 Be7 8. Bg2 b5 9. O-O Qb6 10. Kh1 Bb7 11. f5 Ncxe5 12. fxe6 fxe6 13. Nxe5 Nxe5 14. Qe2 Nf7 15. Bf4 O-O 16. Rae1 d4 17. Bxb7 Qxb7+ 18. Ne4 Bh4 19. Rd1 e5 20. Bd2 Nd6 21. Rde1 Bxe1 22. Rxe1 Nxe4 23. Qxe4 Qxe4+ 24. Rxe4 Rf2 0-1


[Site "https://www.chess.com"]

[Event "Titled Tuesday Blitz October 26 2021"]
[White "Perez Ponsa, Federico"]
[Black "Nenezic, Marko"]
[WhiteFideId "117927"]
[BlackFideId "912123"]
[WhiteElo "2672"]
[BlackElo "2484"]
[Result "1-0"]
[Round "04"]
[TimeControl "180+1"]
[Date "2021.10.26"]
[WhiteClock "0:01:55"]
[BlackClock "0:01:22"]

1. e4 c5 2. Nf3 d6 3. d4 cxd4 4. Nxd4 Nf6 5. Nc3 a6 6. a3 Nc6 7. Be2 e6 8. Be3 Be7 9. g4 Nd7 10. Qd2 O-O 11. O-O-O Qc7 12. g5 Na5 13. h4 Ne5 14. b3 d5 15. f4 Bxa3+ 16. Kb1 Bb4 17. Nxd5 exd5 18. Qxb4 Nec6 19. Qc3 dxe4 20. h5 f5 21. h6 Qf7 22. Nxc6 1-0


[Site "https://www.chess.com"]

[Event "Titled Tuesday Blitz October 26 2021"]
[White "Rozen, Eytan"]
[Black "Jones, Gawain C B"]
[WhiteFideId "2816750"]
[BlackFideId "409561"]
[WhiteElo "2115"]
[BlackElo "2657"]
[Result "0-1"]
[Round "04"]
[TimeControl "180+1"]
[Date "2021.10.26"]
[WhiteClock "0:00:01"]
[BlackClock "0:00:04"]

1. c4 g6 2. Nc3 c5 3. g3 Bg7 4. Bg2 Nc6 5. b3 e6 6. Ba3 d6 7. e3 Nge7 8. Nge2 Nf5 9. O-O h5 10. d4 cxd4 11. exd4 Ncxd4 12. Nxd4 Nxd4 13. Ne4 Nf5 14. Nxd6+ Nxd6 15. Bxd6 Bxa1 16. Qxa1 f6 17. Rd1 Kf7 18. Be5 Qe7 19. Bd6 Qe8 20. c5 e5 21. f4 e4 22. Qd4 Bf5 23. Re1 Qc6 24. h3 Rae8 25. g4 hxg4 26. hxg4 Bxg4 27. Bxe4 Rh1+ 28. Kxh1 Bf3+ 29. Kg1 Bxe4 30. Kf2 Re6 31. Re3 b6 32. b4 a6 33. a3 bxc5 34. Bxc5 g5 35. Qd8 Re8 36. Qd6 Qxd6 37. Bxd6 g4 38. Rc3 Rd8 39. Rc7+ Ke6 40. Re7+ Kf5 41. Bc7 Rd2+ 42. Ke3 Rd3+ 43. Ke2 Rxa3 44. Bb8 g3 45. Re8 Bf3+ 46. Kd2 g2 47. Rg8 Bg4 48. Ba7 Ra1 49. Kc3 g1=Q 0-1


[Site "https://www.chess.com"]

[Event "Titled Tuesday Blitz October 26 2021"]
[White "Rozman, Levy"]
[Black "Ibarra Jerez, Jose Carlos"]
[WhiteFideId "2039877"]
[BlackFideId "2226332"]
[WhiteElo "2376"]
[BlackElo "2626"]
[Result "1-0"]
[Round "04"]
[TimeControl "180+1"]
[Date "2021.10.26"]
[WhiteClock "0:00:03"]
[BlackClock "0:00:03"]

1. c4 e5 2. g3 Nc6 3. Bg2 Bc5 4. Nc3 d6 5. e3 a6 6. Nge2 Ba7 7. d4 exd4 8. Nxd4 Nge7 9. h4 Nxd4 10. exd4 O-O 11. O-O Nf5 12. Be3 Re8 13. Qd3 c6 14. Rae1 Bd7 15. b4 Qf6 16. Ne4 Qg6 17. c5 d5 18. Nc3 Nxh4 19. Qxg6 Nxg6 20. f4 Bf5 21. a4 Re6 22. b5 Rae8 23. Bf2 h5 24. Rxe6 Rxe6 25. Re1 axb5 26. axb5 Rxe1+ 27. Bxe1 h4 28. Kh2 Bb8 29. Bd2 Kf8 30. Bf1 Ke7 31. Kg2 Ke6 32. b6 hxg3 33. Kxg3 Ne7 34. Nd1 g5 35. Kf3 Be4+ 36. Kg4 gxf4 37. Bxf4 Bxf4 38. Kxf4 Kd7 39. Ne3 f6 40. Bh3+ Kd8 41. Ng4 Ng6+ 42. Ke3 f5 43. Nh6 f4+ 44. Kf2 Nf8 45. Nf7+ Ke7 46. Ne5 Ne6 47. Nxc6+ Kf6 48. Bxe6 Kxe6 49. Nd8+ Kd7 50. Nxb7 Kc6 51. Na5+ Kd7 52. c6+ Kc8 53. Nb3 Bd3 54. Nc5 Bb5 55. b7+ Kb8 56. Nd7+ 1-0


[Site "https://www.chess.com"]

[Event "Titled Tuesday Blitz October 26 2021"]
[White "Samadov, Read"]
[Black "Milchev, Nikolay"]
[WhiteFideId "13417444"]
[BlackFideId "2906090"]
[WhiteElo "2084"]
[BlackElo "2449"]
[Result "1-0"]
[Round "04"]
[TimeControl "180+1"]
[Date "2021.10.26"]
[WhiteClock "0:01:17"]
[BlackClock "0:02:16"]

1. d4 Nf6 2. c4 c5 3. d5 e5 4. Nc3 Bd6 5. e4 a6 6. Be2 O-O 7. Be3 Re8 8. h4 Bf8 9. g4 d6 10. g5 Nfd7 11. h5 b5 12. cxb5 axb5 13. Bxb5 Ba6 14. a4 g6 15. hxg6 hxg6 16. Nf3 Qa5 17. O-O Qb4 18. Qe2 Bxb5 19. axb5 Rxa1 20. Rxa1 Nb6 21. Ne1 N8d7 22. Nd3 Qc4 23. Qc2 Ra8 24. Rxa8 Nxa8 25. b3 1-0


[Site "https://www.chess.com"]

[Event "Titled Tuesday Blitz October 26 2021"]
[White "Savchenko, Boris"]
[Black "Shkapenko, Pavel"]
[WhiteFideId "4147332"]
[BlackFideId "4151933"]
[WhiteElo "2526"]
[BlackElo "2386"]
[Result "1-0"]
[Round "04"]
[TimeControl "180+1"]
[Date "2021.10.26"]
[WhiteClock "0:00:57"]
[BlackClock "0:00:09"]

1. e4 e5 2. Nf3 Nc6 3. Bc4 d6 4. d4 Nf6 5. d5 Nb8 6. Nc3 Be7 7. h3 a6 8. a4 a5 9. g4 Nfd7 10. Rg1 Nc5 11. Be3 Nbd7 12. g5 Nb6 13. Bf1 O-O 14. h4 Qe8 15. h5 Ncxa4 16. Nb5 Bd8 17. c3 Bd7 18. Qb3 Nc5 19. Bxc5 dxc5 20. Na3 f5 21. gxf6 Bxf6 22. Nc4 a4 23. Qa2 Nxc4 24. Qxc4 Qxh5 25. Be2 Bg4 26. Rg3 Bh4 27. Nxh4 Bxe2 28. Qxc5 Qxh4 29. Kxe2 Qxe4+ 30. Kd2 Rad8 31. c4 b6 32. Qxc7 Rxf2+ 33. Kc3 Qd4+ 34. Kb4 Rxb2+ 35. Ka3 Rb3+ 36. Rxb3 axb3 37. Qxd8+ Kf7 38. Qd7+ Kf6 39. Rf1+ Kg6 40. Qf5+ 1-0


[Site "https://www.chess.com"]

[Event "Titled Tuesday Blitz October 26 2021"]
[White "Seo, Jung Min"]
[Black "Jobava, Baadur"]
[WhiteFideId "1734687"]
[BlackFideId "13601520"]
[WhiteElo "2486"]
[BlackElo "2731"]
[Result "0-1"]
[Round "04"]
[TimeControl "180+1"]
[Date "2021.10.26"]
[WhiteClock "0:00:06"]
[BlackClock "0:00:07"]

1. e4 c6 2. d4 d5 3. exd5 cxd5 4. Bd3 Nc6 5. c3 Nf6 6. h3 g6 7. Nf3 Bf5 8. Be2 e6 9. Bf4 Bd6 10. Bxd6 Qxd6 11. Nbd2 h5 12. Nf1 O-O-O 13. Ne3 Ne4 14. Nd2 h4 15. Nxe4 Bxe4 16. Qd2 Kb8 17. O-O-O Rc8 18. f3 Bf5 19. Nxf5 gxf5 20. Rhe1 Ne7 21. Kb1 Rhg8 22. Bf1 Ng6 23. Qg5 Qe7 24. Qh6 Qc7 25. Qd2 Nf4 26. Qc2 Rg3 27. Rd2 Qd6 28. Rc1 a6 29. Qb3 Ka7 30. a4 f6 31. Ka2 e5 32. dxe5 fxe5 33. Rcd1 Qb6 34. Qa3 Rg7 35. Re1 e4 36. Rd4 Qc5 37. Qxc5+ Rxc5 38. c4 Nxg2 39. Bxg2 Rxg2 40. cxd5 Rcc2 41. fxe4 Rxb2+ 42. Ka3 Rbc2 43. Kb3 Rb2+ 44. Ka3 Ra2+ 45. Kb3 Rgb2+ 46. Kc3 Rh2 47. Kb3 Rab2+ 48. Ka3 Rbf2 49. Re3 f4 50. Red3 f3 51. d6 Ra2+ 52. Kb3 Rhb2+ 53. Kc3 Rc2+ 54. Kb3 Rab2+ 55. Ka3 f2 56. Rd1 Rd2 57. R4xd2 Rxd2 58. Rf1 Rxd6 59. Rxf2 Rd3+ 60. Kb4 Rxh3 61. Rf4 Rh1 62. e5 h3 63. Rf2 h2 64. Rb2 Kb6 65. e6 Kc6 66. e7 Kd7 67. Re2 Ke8 68. Ka5 b5 69. axb5 Ra1+ 0-1


[Site "https://www.chess.com"]

[Event "Titled Tuesday Blitz October 26 2021"]
[White "Shipov, Sergei"]
[Black "Bortnyk, Olexandr"]
[WhiteFideId "4113624"]
[BlackFideId "14120828"]
[WhiteElo "2797"]
[BlackElo "2723"]
[Result "1-0"]
[Round "04"]
[TimeControl "180+1"]
[Date "2021.10.26"]
[WhiteClock "0:00:17"]
[BlackClock "0:00:05"]

1. d4 Nf6 2. c4 d6 3. Nf3 g6 4. Nc3 Bf5 5. Ng5 h6 6. e4 Bg4 7. Nf3 Bg7 8. Be2 Nc6 9. d5 Bxf3 10. Bxf3 Nb8 11. O-O O-O 12. Be3 c6 13. Qd2 Kh7 14. Rfe1 Nbd7 15. Be2 a6 16. h3 cxd5 17. exd5 Rc8 18. Bf1 Qa5 19. Bd4 Rfe8 20. Rad1 Nh5 21. Bxg7 Nxg7 22. Qf4 Ne5 23. Rxe5 dxe5 24. Qxf7 Qb4 25. Bd3 Qb6 26. c5 Qf6 27. Qxf6 exf6 28. Ne4 Rf8 29. b4 f5 30. Nd6 Rc7 31. f3 Rd8 32. g4 f4 33. h4 h5 34. Ne4 hxg4 35. fxg4 Kg8 36. Kf2 Kf8 37. Bc4 Ne6 38. d6 Rh7 39. Bxe6 Rxh4 40. Kg2 Kg7 41. Rh1 f3+ 42. Kg1 Rxh1+ 43. Kxh1 Re8 44. Bd5 a5 45. b5 Rc8 46. c6 bxc6 47. bxc6 Rb8 48. c7 Rb1+ 49. Kh2 Rc1 50. d7 Rc2+ 51. Kg3 f2 52. Nxf2 1-0


[Site "https://www.chess.com"]

[Event "Titled Tuesday Blitz October 26 2021"]
[White "Svane, Frederik"]
[Black "Florescu, Codrut-Constantin"]
[WhiteFideId "12923044"]
[BlackFideId "1202200"]
[WhiteElo "2459"]
[BlackElo "2243"]
[Result "0-1"]
[Round "04"]
[TimeControl "180+1"]
[Date "2021.10.26"]
[WhiteClock "0:00:05"]
[BlackClock "0:00:13"]

1. c4 e5 2. Nc3 d6 3. g3 f5 4. Bg2 Nf6 5. d3 Be7 6. Nf3 O-O 7. b4 Qe8 8. b5 Kh8 9. O-O Qh5 10. e3 Nbd7 11. Rb1 g5 12. Bb2 g4 13. Nd2 Rf7 14. f4 gxf3 15. Qxf3 Qxf3 16. Nxf3 Nc5 17. d4 Nd3 18. dxe5 dxe5 19. Ba1 Bc5 20. Nd1 e4 21. Ng5 Rf8 22. Nxe4 fxe4 23. Bxf6+ Rxf6 24. Rxf6 Kg7 25. Rf1 Be6 26. Bxe4 Bxc4 27. Rf5 Bb6 28. Bxb7 Re8 29. Kg2 Bxa2 30. Ra1 Be6 31. Rf1 Bc4 32. Bc6 Re5 33. Nf2 Nb4 34. Rac1 Bxf1+ 35. Rxf1 Nxc6 36. bxc6 Rxe3 37. Ng4 Re2+ 38. Kh3 Re6 39. Rd1 a5 40. Rd7+ Kg6 41. Rd8 h5 42. Kh4 hxg4 43. Kxg4 Rxc6 44. h4 Rc4+ 45. Kf3 a4 46. g4 a3 47. Ra8 Rc3+ 48. Kf4 Rc4+ 49. Kf3 Bc5 50. Ra6+ Bd6 51. Ra5 Rf4+ 52. Ke3 Rxg4 53. h5+ Kh6 54. Kf3 Rh4 55. Rf5 Rxh5 56. Rf6+ Kg5 57. Rf7 Rh3+ 58. Ke4 Rb3 59. Rg7+ Kf6 60. Rg1 a2 61. Ra1 Ra3 62. Kd5 Be5 63. Rf1+ Ke7 64. Re1 a1=Q 65. Re4 Qd4+ 66. Rxd4 Bxd4 67. Ke4 Kd6 0-1


[Site "https://www.chess.com"]

[Event "Titled Tuesday Blitz October 26 2021"]
[White "Svane, Rasmus"]
[Black "Horobetz, Graham"]
[WhiteFideId "4657101"]
[BlackFideId "2047322"]
[WhiteElo "2643"]
[BlackElo "2564"]
[Result "1-0"]
[Round "04"]
[TimeControl "180+1"]
[Date "2021.10.26"]
[WhiteClock "0:00:15"]
[BlackClock "0:00:03"]

1. Nf3 c5 2. c4 g6 3. d4 cxd4 4. Nxd4 Bg7 5. e4 Nc6 6. Be3 Nf6 7. Nc3 d6 8. Be2 Nxd4 9. Bxd4 O-O 10. O-O a5 11. f3 Bd7 12. Qd2 Bc6 13. Rfc1 Nd7 14. Be3 Nc5 15. b3 e6 16. Rab1 Be5 17. Bf1 f5 18. exf5 Rxf5 19. f4 Bg7 20. Rd1 Qf6 21. Rbc1 Qf8 22. Qxd6 Qxd6 23. Rxd6 Bxc3 24. Bxc5 Bb4 25. Bxb4 axb4 26. Rc2 Rxf4 27. Rxe6 Raf8 28. Re1 h5 29. g3 Rg4 30. Bg2 h4 31. Bxc6 bxc6 32. Kg2 hxg3 33. hxg3 Rd4 34. Re6 Kg7 35. Rxc6 Rd3 36. Rb6 Rff3 37. Rxb4 Rxg3+ 38. Kf2 Rdf3+ 39. Ke2 Rd3 40. c5 Rge3+ 41. Kf1 Rf3+ 42. Ke1 Rfe3+ 43. Re2 Rh3 44. Rf2 Rhe3+ 45. Kf1 Rc3 46. Rb5 Rc1+ 47. Kg2 Rcc3 48. Rd2 Rg3+ 49. Kf2 Rgf3+ 50. Ke2 Rce3+ 51. Kd1 Rf1+ 52. Kc2 Ree1 53. b4 g5 54. c6 Rc1+ 55. Kb3 Rxc6 56. Rxg5+ Kf6 57. Rc5 Rf3+ 58. Kc4 Ra6 59. Ra5 Rb6 60. a3 Rf4+ 61. Kb3 Rf3+ 62. Ka4 Rc6 63. Ra2 Rc4 64. Ra6+ Ke5 65. Ka5 Rc8 66. a4 Kd5 67. b5 Rd3 68. Ra7 Kd6 69. Ka6 Rd5 70. b6 Rcc5 71. a5 Kc6 72. Rc7+ Kd6 73. Rxc5 1-0


[Site "https://www.chess.com"]

[Event "Titled Tuesday Blitz October 26 2021"]
[White "Sviridov, Valery"]
[Black "Ghimpu, Samuel-Timotei"]
[WhiteFideId "4120680"]
[BlackFideId "1238175"]
[WhiteElo "2454"]
[BlackElo "2012"]
[Result "1-0"]
[Round "04"]
[TimeControl "180+1"]
[Date "2021.10.26"]
[WhiteClock "0:00:27"]
[BlackClock "0:00:03"]

1. Nf3 Nf6 2. g3 d5 3. Bg2 e6 4. O-O Be7 5. c4 O-O 6. d4 dxc4 7. Qa4 a6 8. Qxc4 b5 9. Qc2 Bb7 10. Bd2 Be4 11. Qc1 c6 12. Rd1 Nbd7 13. Nc3 Bg6 14. Nh4 Bh5 15. Re1 Rc8 16. e4 c5 17. d5 exd5 18. exd5 Re8 19. Nf5 Bf8 20. Bf4 Bg6 21. Rxe8 Nxe8 22. Nh4 Bd6 23. Nxg6 hxg6 24. Ne4 Bxf4 25. Qxf4 Ndf6 26. Rd1 Nxe4 27. Bxe4 Qd6 28. Qd2 Nf6 29. Bf3 c4 30. Rc1 Nd7 31. b3 Ne5 32. Be2 Rc5 33. bxc4 bxc4 34. Rd1 c3 35. Qc2 a5 36. h4 Nd7 37. Rd3 Rxd5 38. Qxc3 Rxd3 39. Bxd3 Ne5 40. Be2 Qd5 41. a3 Kf8 42. Qe3 Kg8 43. Qf4 Nd7 44. Bf3 Qc5 45. Qa4 Nf6 46. Kg2 g5 47. hxg5 Qxg5 48. Qd4 Qb5 49. a4 Qd7 50. Qf4 Qd8 51. Qe5 g6 52. g4 Qb6 53. g5 Nh7 54. Bd5 Nf8 55. Qe7 Qa7 1-0


[Site "https://www.chess.com"]